 Dungeon Crawl Stone Soup version 0.30-a0-723-gc1506a1cf0 (webtiles) character file.

Game seed: 9231221042772813767

40 jimonade the Trooper (level 3, 0/20 HPs)
             Began as a Vine Stalker Fighter on Jan 28, 2023.
             Slain by Sigmund
             ... wielding a +0 scythe
              (2 damage)
             ... on level 2 of the Dungeon.
             The game lasted 00:01:56 (1112 turns).

jimonade the Trooper (Vine Stalker Fighter)         Turns: 1112, Time: 00:01:57

Health: 0/20       AC: 11    Str: 18    XL:     3   Next: 50%
Magic:  0/4        EV:  4    Int:  8    God:
Gold:   125        SH:  5    Dex: 15    Spells: 2/2 levels left

rFire   . . .      SeeInvis .    a - +0 rapier
rCold   . . .      Faith    .    c - +0 buckler
rNeg    . . .      Spirit   +    h - +0 plate armour
rPois   .          Reflect  .    (no helmet)
rElec   .          Harm     .    (no cloak)
rCorr   .          Rampage  .    (no gloves)
Will    .....                    (no boots) Stlth
                                 (no amulet)
HPRegen 0.23/turn                (no ring)
MPRegen 0.09/turn                (no ring)

@: no status effects
A: fangs 2, magic shield, antimagic bite, no potion heal 2
a: no special abilities


You were on level 2 of the Dungeon.
You visited 1 branch of the dungeon, and saw 2 of its levels.

You collected 125 gold pieces.

Inventory:

Hand Weapons
 a - a +0 rapier (weapon)
Missiles
 j - 3 boomerangs (quivered)
Armour
 b - a +0 scale mail
 c - a +0 buckler (worn)
 h - a +0 plate armour (worn)
Scrolls
 f - a scroll of fog {unknown}
 i - a scroll of identify {unknown}
Potions
 d - a potion of might
 e - a potion of flight {unknown}
 g - a potion of heal wounds {unknown}


   Skills:
 + Level 3.2 Fighting
 * Level 2.3 Short Blades
 - Level 2.4 Armour
 - Level 0.3 Stealth
 + Level 3.1 Shields


You had 2 spell levels left.
You didn't know any spells.
Your spell library was empty.

Dungeon Overview and Level Annotations

Branches:
Dungeon (2/15)

Altars:

Annotations:
D:2 Sigmund


Innate Abilities, Weirdness & Mutations

You have extremely sharp teeth.
When hurt, damage is shared between your health and your magic reserves.
Your bite disrupts and absorbs the magic of your enemies.
Potions cannot restore your health.


Message History

Sigmund shouts!
The bat hits you but does no damage.
You miss the bat. You bite the bat, but do no damage.
The bat barely misses you. You block the bat's attack.
You miss the bat. The bat hits you but does no damage.
You closely miss the bat. You bite the bat. You drain its power.
The bat is heavily wounded.
The bat hits you but does no damage. The bat hits you.
Sigmund casts a spell.
Sigmund flickers and vanishes!
Deactivating autopickup; reactivate with Ctrl-A.
You hit the bat.
You kill the bat!
Something hits you.
You see here a bat corpse.
You barely miss something. You bite something. You drain its magic.
You feel invigorated. Something hits you but does no damage.
You hit something but do no damage. Something hits you.
You barely miss something. Something hits you but does no damage.
You miss something. You bite something. You drain its magic.
You closely miss something. Your bite misses something. You hit something.
Something hits you!
You miss something. Your bite misses something.
Something hits you but does no damage.
You hit something but do no damage. Your bite misses something.
Something hits you.
* * * LOW HITPOINT WARNING * * *
You miss something. You barely miss something. Your bite misses something.
You hit something. Your bite misses something.
Something hits you but does no damage.
You miss something. You bite something. You drain its magic.
You feel invigorated. Something hits you.
* * * LOW HITPOINT WARNING * * *
You hit something. Your bite misses something. Something hits you.
* * * LOW HITPOINT WARNING * * *
You closely miss something. You bite something. You drain its magic.
You feel invigorated. Something hits you.
You die...

.........# #.......>.
.........# #.........
.........# #.........
.........###...######
#........##..........
#........##.#########
#.#####.###.# #..
#.#.#####.# #.# #.#
#....{@...#
#.#######.#
###.#######
#..........
#########.# #.# #.#
#.# #.. ###


There were no monsters in sight!

Vanquished Creatures
  An adder (D:2)
  4 ball pythons (D:1)
  5 bats
  2 endoplasms (D:1)
  2 goblins (D:1)
  3 hobgoblins (D:1)
  8 jackals
  A frilled lizard (D:2)
  A kobold (D:1)
27 creatures vanquished.

Notes
Turn   | Place    | Note
-------+----------+-------------------------------------------
     0 | D:1      | jimonade the Vine Stalker Fighter began the quest for the
                  | Orb.
     0 | D:1      | Reached XP level 1. HP: 11/11 MP: 2/2
     6 | D:1      | Noticed a swamp worm
     6 | D:1      | Noticed a snapping turtle
     6 | D:1      | Noticed a water moccasin
     7 | D:1      | Noticed a seven-headed hydra
     7 | D:1      | Noticed a redback
   155 | D:1      | Reached XP level 2. HP: 16/16 MP: 3/3
   872 | D:2      | Reached XP level 3. HP: 19/20 MP: 4/4
  1092 | D:2      | Noticed Sigmund
  1112 | D:2      | Slain by Sigmund

Illustrated notes

Levels and vault maps discovered:
D:1:      onia_arrival_zoo_common, layout_loops_ring
D:2:      layout_basic, bh_walls_and_bars, uniq_sigmund, uniq_robin

Skill      XL: |  1  2 |
---------------+-------+-----
Shields        | 3 |  3.1
Fighting       | 3 |  3.2
Short Blades   | 2 |  2.3
Armour         | |  2.4
Stealth        | |  0.3

Action                     || total
---------------------------++-------
  Melee: Rapier            ||   105
         Bite              ||    31
 Armour: Scale mail        ||    15
         Plate armour      ||    50
  Dodge: Dodged            ||    22
  Block: Buckler           ||    22

Table legend: (Time is in decaauts)
 A = Elapsed time spent in this place.
 B = Non-inter-level travel time spent in this place.
 C = Inter-level travel time spent in this place.
 D = Time resting spent in this place.
 E = Time spent auto-exploring this place.
 F = Levels seen in this place.
 G = Mean time per level.
                   A        B        C        D        E       F      G
               +--------+--------+--------+--------+--------+-----+--------+
         Total |   1126 |   1053 |     73 |      0 |    801 |   2 |  563.0 |
       Dungeon |   1126 |   1053 |     73 |      0 |    801 |   2 |  563.0 |
               +--------+--------+--------+--------+--------+-----+--------+

Top non-repeatable levels by time:
     D:1: 865 daAuts
     D:2: 260 daAuts
